[Event "Titled Tuesday Blitz July 26 Early 2022"]
[White "Polster, Christian"]
[Black "Leenhouts, Koen"]
[WhiteFideId "12965081"]
[BlackFideId "1008439"]
[WhiteElo "2250"]
[BlackElo "2409"]
[Result "1/2-1/2"]
[Round "04"]
[TimeControl "180+1"]
[Date "2022.07.27"]
[WhiteClock "0:00:05"]
[BlackClock "0:00:11"]

1. d4 d5 2. c4 c6 3. Nc3 Nf6 4. cxd5 cxd5 5. f3 Nc6 6. e4 e6 7. e5 Nd7 8. f4 Qb6 9. Nf3 a6 10. h4 f6 11. h5 fxe5 12. fxe5 Be7 13. Bd3 O-O 14. Bb1 Rxf3 15. Qxf3 Nxd4 16. Qd3 Nf5 17. Nxd5 Qa5+ 18. Bd2 Qxd5 19. Qxd5 exd5 20. Bxf5 Nxe5 21. Bxc8 Rxc8 22. Bc3 Nc6 23. Rd1 Rd8 24. O-O d4 25. Bd2 h6 26. Rf5 d3 27. Bc3 Nd4 28. Bxd4 Rxd4 29. Rf3 d2 30. Rf2 Bg5 31. Kf1 Re4 32. Rfxd2 Bxd2 33. Rxd2 Rb4 34. b3 Kf7 35. Rd7+ Kf6 36. Kf2 a5 37. Rd6+ Kf7 38. Rd7+ Kg8 39. Rd8+ Kh7 40. Rd7 b5 41. Rd5 a4 42. bxa4 bxa4 43. Kf3 Rb2 44. Ra5 Rxa2 45. g4 Ra1 46. Ra7 a3 47. Ra8 Ra2 48. Kg3 Ra1 49. Kg2 g6 50. Ra7+ Kg8 51. hxg6 Kh8 52. Kh2 Kg8 53. Kg2 a2 54. Kh2 Kf8 55. Kg2 Kg8 56. Kh2 Rb1 57. Rxa2 Rb6 58. Ra8+ Kg7 59. Ra5 Kxg6 60. Kg3 Rf6 61. Ra3 Rb6 62. Re3 Rd6 63. Rc3 Re6 64. Rd3 Kg5 65. Rd5+ Kg6 66. Rd3 Re5 67. Rc3 Kg5 68. Rb3 Rd5 69. Rc3 Rb5 70. Rd3 Rb4 71. Rd5+ Kg6 72. Rd3 Rb6 73. Rc3 Rb1 74. Rd3 Kf6 75. Rf3+ Kg5 76. Rf5+ Kg6 77. Rf3 Rg1+ 78. Kh3 Re1 79. Kg3 Kg5 80. Rf5+ Kg6 81. Rf3 Re4 82. Rc3 Rd4 83. Rb3 Kg5 84. Rb5+ Kg6 85. Rb3 Kg5 86. Rb5+ Kg6 87. Rb3 1/2-1/2


[Site "https://www.chess.com"]

[Event "Titled Tuesday Blitz July 26 Early 2022"]
[White "Pourkashiyan, Atousa"]
[Black "Ismagilov, Damir"]
[WhiteFideId "12502014"]
[BlackFideId "34199982"]
[WhiteElo "2247"]
[BlackElo "2138"]
[Result "0-1"]
[Round "04"]
[TimeControl "180+1"]
[Date "2022.07.27"]
[WhiteClock "0:00:06"]
[BlackClock "0:00:05"]

1. e4 c5 2. Nf3 d6 3. d4 cxd4 4. Nxd4 Nf6 5. Nc3 a6 6. Be2 e6 7. O-O Be7 8. Be3 Nc6 9. f4 O-O 10. Qe1 Nxd4 11. Bxd4 b5 12. a3 Bb7 13. Qg3 g6 14. Bd3 Nh5 15. Qh3 Nxf4 16. Rxf4 e5 17. Rff1 exd4 18. Ne2 Bf6 19. Kh1 Be5 20. Nf4 Qg5 21. Nd5 Bxd5 22. exd5 Rae8 23. Rae1 Kg7 24. b3 Re7 25. Re2 Rfe8 26. Re4 f5 27. Ree1 Bf4 28. Rxe7+ Rxe7 29. a4 bxa4 30. bxa4 a5 31. Rb1 h5 32. Rf1 Re3 33. g3 Be5 34. Qg2 Kh6 35. Rg1 Qg4 36. Qf2 Rf3 37. Qd2+ Re3 38. Qf2 Qg5 39. Qg2 Qf6 40. Qd2 h4 41. gxh4 Qxh4 42. Qg2 Rg3 43. Qd2+ Bf4 44. Qe2 Rh3 45. Rg2 Re3 46. Qf2 Re1+ 47. Bf1 Qxf2 48. Rxf2 Be3 49. Rf3 Ra1 50. Kg2 Rxa4 51. Rh3+ Kg7 52. Rf3 Ra1 53. h4 a4 54. h5 a3 55. Bc4 Rc1 56. Bb3 a2 57. Bxa2 Rxc2+ 58. Kh3 Rxa2 59. hxg6 Kxg6 60. Rf1 Rf2 61. Rb1 Kg5 62. Rb8 Kf4 63. Rf8 Rf3+ 64. Kg2 Rg3+ 65. Kf1 Rg1+ 66. Ke2 Rg2+ 67. Kf1 Rg7 68. Re8 Kf3 69. Rxe3+ dxe3 0-1


[Site "https://www.chess.com"]

[Event "Titled Tuesday Blitz July 26 Early 2022"]
[White "Putri, Regita Desyari"]
[Black "Nilsson, Joakim"]
[WhiteFideId "7109083"]
[BlackFideId "1723383"]
[WhiteElo "1930"]
[BlackElo "2214"]
[Result "0-1"]
[Round "04"]
[TimeControl "180+1"]
[Date "2022.07.27"]
[WhiteClock "0:00:01"]
[BlackClock "0:00:04"]

1. d4 c6 2. c4 g6 3. Nf3 Bg7 4. g3 d5 5. Bg2 dxc4 6. O-O Nf6 7. Na3 O-O 8. Nxc4 Be6 9. b3 Bd5 10. Bb2 Nbd7 11. e3 a5 12. a4 Nb6 13. Rc1 Ne4 14. Nfe5 Bxc4 15. bxc4 Bxe5 16. dxe5 Nd2 17. Re1 Ndxc4 18. Bd4 Rc8 19. Qb3 c5 20. Bc3 Qc7 21. Bf1 Nxe5 22. Bxe5 Qxe5 23. Qxb6 Rc6 24. Qxa5 b6 25. Qc3 Qh5 26. e4 Rd8 27. e5 e6 28. Rb1 Rd4 29. Bg2 Rc8 30. Rxb6 Rxa4 31. Rc6 Rd8 32. Qxc5 Rad4 33. Rc8 Qf5 34. Rxd8+ Rxd8 35. h3 Rd2 36. Rf1 h5 37. Qe3 Ra2 38. Kh2 Qc2 39. Qf4 Qe2 40. Kg1 Ra5 41. g4 hxg4 42. hxg4 Rxe5 43. Bf3 Qb5 44. Kg2 Kg7 45. Rh1 g5 46. Qh2 Kf8 47. Qh8+ Ke7 48. Rh7 Re1 49. Qg7 Qf1+ 50. Kg3 Qg1+ 51. Bg2 Re3+ 52. fxe3 Qxe3+ 53. Kh2 Qf4+ 54. Kh3 Qe3+ 55. Kh2 Qf4+ 56. Kg1 Qc1+ 57. Bf1 Qe3+ 58. Kh1 Qf3+ 59. Bg2 Qd1+ 60. Kh2 Qd6+ 61. Kg1 Qc5+ 62. Kf1 Qc1+ 63. Ke2 Qc2+ 64. Ke3 Qc1+ 65. Kd3 Qb1+ 66. Kc4 Qa2+ 67. Kb5 Qb3+ 68. Kc6 Qa4+ 69. Kb6 Qb4+ 70. Kc7 Qc5+ 71. Bc6 Qa7+ 72. Kc8 Qa6+ 73. Bb7 Qc4+ 74. Kb8 Qf4+ 75. Ka7 Qa4+ 76. Kb6 Qb4+ 77. Kc6 Qa4+ 78. Kb6 Qb4+ 79. Kc7 Qd6+ 80. Kc8 Qd8# 0-1


[Site "https://www.chess.com"]

[Event "Titled Tuesday Blitz July 26 Early 2022"]
[White "Schwabeneder, Florian"]
[Black "Pranav, V"]
[WhiteFideId "1626191"]
[BlackFideId "25060783"]
[WhiteElo "2275"]
[BlackElo "2380"]
[Result "0-1"]
[Round "04"]
[TimeControl "180+1"]
[Date "2022.07.26"]
[WhiteClock "0:00:06"]
[BlackClock "0:01:36"]

1. e4 c5 2. Nc3 Nc6 3. g3 g6 4. Bg2 Bg7 5. Nge2 d6 6. d3 h5 7. h3 Nf6 8. Be3 Rb8 9. a4 a6 10. O-O b5 11. axb5 axb5 12. Nd5 O-O 13. Nxf6+ Bxf6 14. c3 Bg7 15. d4 cxd4 16. cxd4 Na5 17. b3 b4 18. Rb1 Ba6 19. Qd2 Qb6 20. Rfd1 Rbc8 21. g4 hxg4 22. hxg4 Bxe2 23. Qxe2 Rc3 24. Rd3 Rfc8 25. e5 dxe5 26. dxe5 Qe6 27. Bd5 Qxe5 28. Rbd1 e6 29. f4 Qc7 30. Bf3 Rxd3 31. Rxd3 Rd8 32. Rxd8+ Qxd8 33. Qd2 Qxd2 34. Bxd2 Bc3 35. Be3 Nxb3 36. Kf1 Bd2 37. Bd1 Bxe3 38. Bxb3 Bxf4 39. Ke2 Kg7 40. Kf3 Bd6 41. Ke4 Kf6 42. Kf3 Kg5 43. Bc4 Kf6 44. Bb3 Ke5 45. Ke3 f5 46. gxf5 exf5 47. Bf7 g5 48. Kd3 g4 0-1


[Site "https://www.chess.com"]

[Event "Titled Tuesday Blitz July 26 Early 2022"]
[White "Shimanov, Aleksandr"]
[Black "Djokic, Mihailo"]
[WhiteFideId "4198603"]
[BlackFideId "976440"]
[WhiteElo "2605"]
[BlackElo "2246"]
[Result "1-0"]
[Round "04"]
[TimeControl "180+1"]
[Date "2022.07.26"]
[WhiteClock "0:00:41"]
[BlackClock "0:00:03"]

1. e4 c5 2. Nf3 d6 3. d4 cxd4 4. Qxd4 a6 5. b3 Nc6 6. Qd2 Bg4 7. Bb2 Nf6 8. Nc3 Rc8 9. O-O-O Qa5 10. Kb1 g6 11. Nd5 Qxd2 12. Rxd2 Bxf3 13. Nxf6+ exf6 14. Bxf6 Bxg2 15. Bxg2 Rg8 16. Rhd1 Rc7 17. f4 Be7 18. Bxe7 Kxe7 19. Rxd6 Rd8 20. e5 Rcd7 21. Bxc6 bxc6 22. Rxd7+ Rxd7 23. Rxd7+ Kxd7 24. Kc1 Ke6 25. Kd2 Kf5 26. Ke3 g5 27. fxg5 Kxe5 28. b4 Kf5 29. h4 Kg4 30. c4 Kxh4 31. Kf4 Kh5 32. a4 Kg6 33. b5 cxb5 34. cxb5 axb5 35. axb5 1-0


[Site "https://www.chess.com"]

[Event "Titled Tuesday Blitz July 26 Early 2022"]
[White "Shohat, Yotam"]
[Black "Meshkovs, Nikita"]
[WhiteFideId "2813955"]
[BlackFideId "11602740"]
[WhiteElo "2119"]
[BlackElo "2506"]
[Result "0-1"]
[Round "04"]
[TimeControl "180+1"]
[Date "2022.07.26"]
[WhiteClock "0:00:01"]
[BlackClock "0:00:03"]

1. Nf3 d5 2. g3 Nf6 3. Bg2 e6 4. O-O Be7 5. c4 O-O 6. b3 a5 7. Nc3 d4 8. Nb5 Nc6 9. e3 dxe3 10. dxe3 Bd7 11. a3 Qc8 12. Bb2 Rd8 13. Qc2 Be8 14. Ng5 h6 15. Ne4 Nd7 16. Rad1 f6 17. Rd2 Nf8 18. Rfd1 Rxd2 19. Rxd2 Nd8 20. Qc3 Nf7 21. Rd1 Qb8 22. h4 Bd7 23. a4 c6 24. Nd4 e5 25. Nf3 Bf5 26. Ned2 Bb4 27. Qc1 Qc8 28. Bc3 Be7 29. Nf1 h5 30. Qb2 Ne6 31. N3d2 Nc5 32. e4 Bh3 33. Ne3 Bxg2 34. Kxg2 Nd6 35. Qc2 Qe6 36. f3 b6 37. Ndf1 g6 38. Rd2 Rf8 39. Qd1 f5 40. exf5 gxf5 41. Nc2 f4 42. gxf4 Rxf4 43. Ng3 Bxh4 44. Ne4 Ndxe4 45. fxe4 Qg6+ 46. Kh1 Nxe4 47. Rg2 Ng3+ 48. Kh2 Kh7 49. Bxe5 Rg4 50. Qd7+ Kh6 51. Bxg3 Bxg3+ 52. Kh3 Rh4# 0-1


[Site "https://www.chess.com"]

[Event "Titled Tuesday Blitz July 26 Early 2022"]
[White "Skliarov, Viktor"]
[Black "Vivekananthan, Anish"]
[WhiteFideId "14106736"]
[BlackFideId "2090775"]
[WhiteElo "2257"]
[BlackElo "2804"]
[Result "1-0"]
[Round "04"]
[TimeControl "180+1"]
[Date "2022.07.26"]
[WhiteClock "0:00:04"]
[BlackClock "0:00:01"]

1. e4 c6 2. d4 d5 3. e5 Bf5 4. Nf3 e6 5. Be2 c5 6. O-O Nc6 7. Be3 Qb6 8. Nc3 Qxb2 9. Qe1 cxd4 10. Bxd4 Nxd4 11. Nxd4 Bb4 12. Rb1 Bxc3 13. Rxb2 Bxe1 14. Rxe1 b6 15. Bb5+ Kf8 16. Nxf5 exf5 17. Re3 Ne7 18. Rc3 Ng6 19. Rc7 Nxe5 20. f4 Ng6 21. g3 Ne7 22. Rb3 a6 23. Re3 Ng8 24. Bc6 Rd8 25. Bxd5 Nh6 26. Bc4 b5 27. Bb3 g6 28. Ree7 Kg7 29. Bxf7 Ng4 30. Bd5+ Kh6 31. Bf3 Nf6 32. h3 Rhe8 33. g4 fxg4 34. hxg4 g5 35. f5 Rxe7 36. Rxe7 Rd2 37. Re6 Kg7 38. Rxa6 Rxc2 39. Ra7+ Kh6 40. Ra6 Kg7 41. Ra7+ Kf8 42. Rb7 Rxa2 43. Rxb5 Ra3 44. Rb8+ Ke7 45. Rb7+ Kd6 46. Kf2 h5 47. gxh5 g4 48. Bg2 Ke5 49. Rb5+ Kf4 50. Rb4+ Kxf5 51. h6 Ra2+ 52. Kf1 Kg6 53. Rb6 Ra1+ 54. Kf2 Ra2+ 55. Kg3 Kg5 56. h7 Nh5+ 57. Kh2 g3+ 58. Kg1 Ra1+ 59. Bf1 Ra8 60. Rb7 Rh8 61. Bd3 Nf4 62. Be4 Kg4 63. Rg7+ Kh4 64. Rg8 Nh3+ 65. Kf1 1-0


[Site "https://www.chess.com"]

[Event "Titled Tuesday Blitz July 26 Early 2022"]
[White "Suleymanli, Aydin"]
[Black "Munkhgal, Gombosuren"]
[WhiteFideId "13413937"]
[BlackFideId "4901266"]
[WhiteElo "2481"]
[BlackElo "2576"]
[Result "1-0"]
[Round "04"]
[TimeControl "180+1"]
[Date "2022.07.26"]
[WhiteClock "0:00:50"]
[BlackClock "0:00:55"]

1. c4 e6 2. Nf3 d5 3. g3 Nf6 4. Bg2 dxc4 5. O-O b5 6. a4 c6 7. axb5 cxb5 8. Nd4 Nd5 9. Nxb5 Be7 10. Qa4 O-O 11. Qxc4 Ba6 12. N1c3 Bxb5 13. Qxb5 a6 14. Qc4 Nb6 15. Qb3 Ra7 16. d3 N8d7 17. Be3 Bc5 18. d4 Be7 19. d5 Nc5 20. Bxc5 Bxc5 21. dxe6 fxe6 22. Qxe6+ Kh8 23. e3 Re7 24. Qc6 Rc7 25. Qe4 Re7 26. Qh4 Qd2 27. Ne4 Qb4 28. Nxc5 Qxc5 29. Rxa6 Nc4 30. Rc6 1-0


[Site "https://www.chess.com"]

[Event "Titled Tuesday Blitz July 26 Early 2022"]
[White "Tatarinov, Dmitry"]
[Black "Sarana, Alexey"]
[WhiteFideId "24160067"]
[BlackFideId "24133795"]
[WhiteElo "2302"]
[BlackElo "2666"]
[Result "0-1"]
[Round "04"]
[TimeControl "180+1"]
[Date "2022.07.26"]
[WhiteClock "0:00:53"]
[BlackClock "0:01:55"]

1. d4 Nf6 2. c4 e6 3. Nf3 d5 4. g3 dxc4 5. Bg2 c6 6. O-O b5 7. Nc3 Bb7 8. a3 Nbd7 9. e4 a6 10. Re1 Be7 11. Bf4 O-O 12. Qc2 c5 13. d5 exd5 14. exd5 Re8 15. Rad1 Bf8 16. Ng5 h6 17. Nge4 Qb6 18. h4 Rad8 19. Nxf6+ Nxf6 20. Rxe8 Rxe8 21. Qf5 b4 22. Ne4 Nxe4 23. Bxe4 g6 0-1


[Site "https://www.chess.com"]

[Event "Titled Tuesday Blitz July 26 Early 2022"]
[White "Timofeev, Artyom"]
[Black "Taboas Rodriguez, Daniel"]
[WhiteFideId "4140419"]
[BlackFideId "2208466"]
[WhiteElo "2578"]
[BlackElo "2429"]
[Result "1-0"]
[Round "04"]
[TimeControl "180+1"]
[Date "2022.07.26"]
[WhiteClock "0:02:26"]
[BlackClock "0:02:01"]

1. e4 e5 2. Nf3 Nc6 3. Bb5 Nf6 4. O-O Nxe4 5. d4 Nd6 6. Bxc6 dxc6 7. dxe5 Nf5 8. Qxd8+ Kxd8 9. Nc3 Bd7 10. h3 Kc8 11. g4 Ne7 12. Kg2 h6 13. Bf4 Nd5 14. Bd2 Nxc3 15. Bxc3 Be6 16. Nd4 Bc5 17. Nxe6 fxe6 18. f4 g6 19. Rad1 Rf8 20. Kf3 Be7 21. Ke4 b6 22. f5 gxf5+ 23. gxf5 exf5+ 24. Rxf5 Kb7 25. Rd7 Rae8 26. Rxe7 1-0


[Site "https://www.chess.com"]

[Event "Titled Tuesday Blitz July 26 Early 2022"]
[White "Vachylia, Andrii"]
[Black "Jacobson, Brandon"]
[WhiteFideId "14137224"]
[BlackFideId "30901561"]
[WhiteElo "2318"]
[BlackElo "2362"]
[Result "1/2-1/2"]
[Round "04"]
[TimeControl "180+1"]
[Date "2022.07.26"]
[WhiteClock "0:00:04"]
[BlackClock "0:00:50"]

1. e4 c5 2. Nf3 d6 3. d4 cxd4 4. Nxd4 Nf6 5. Nc3 Nc6 6. Bg5 e6 7. Qd2 a6 8. O-O-O Bd7 9. f4 Be7 10. Nf3 b5 11. Bxf6 gxf6 12. Kb1 b4 13. Ne2 h5 14. f5 e5 15. Nc1 Qb6 16. Bc4 Na5 17. Bd5 Rc8 18. Nb3 Nc4 19. Bxc4 Rxc4 20. Rhe1 a5 21. Qd5 Rc8 22. Qxa5 Qxa5 23. Nxa5 Rg8 24. Re2 Rg4 25. g3 Bb5 26. Ree1 Ra8 27. Nb3 Bc6 28. Nfd2 Kd7 29. Re3 Rgg8 30. Nc4 Kc7 31. Ree1 Rg4 32. Nbd2 d5 33. Ne3 d4 34. Nxg4 hxg4 35. Nb3 Rh8 36. Re2 Kb6 37. Nc1 Ra8 38. Nd3 Bb7 39. Nf2 Rg8 40. Rh1 Rg7 41. h4 gxh3 42. Rxh3 Ba6 43. Re1 Kc6 44. Reh1 Kd7 45. Rh7 Rxg3 46. Rxf7 Ke8 47. Rfh7 Rf3 48. R1h2 Bc4 49. b3 Ba6 50. Rg7 Kf8 51. Rhg2 Bc5 52. Rg8+ Ke7 53. R2g7+ Kd6 54. Re8 Kc6 55. Re6+ Bd6 56. Rg6 d3 57. cxd3 Rxf2 58. Rxd6+ Kxd6 59. Rxf6+ Kc5 60. Rxa6 Kd4 61. Rd6+ Kc3 62. Rc6+ Kxd3 63. Rc4 Rf1+ 64. Rc1 Rf2 65. Re1 Kc3 66. f6 Rxf6 67. Rd1 Rf2 68. Rc1+ Kd3 69. Rc4 Rf1+ 70. Kb2 Rf2+ 71. Kb1 Rf1+ 72. Kb2 Rf2+ 73. Kb1 1/2-1/2


[Site "https://www.chess.com"]

[Event "Titled Tuesday Blitz July 26 Early 2022"]
[White "Vakhlamov, Igor L."]
[Black "Dubov, Daniil"]
[WhiteFideId "24126748"]
[BlackFideId "24126055"]
[WhiteElo "2401"]
[BlackElo "2791"]
[Result "1/2-1/2"]
[Round "04"]
[TimeControl "180+1"]
[Date "2022.07.26"]
[WhiteClock "0:00:38"]
[BlackClock "0:00:09"]

1. e4 e5 2. Nf3 Nc6 3. Nc3 Nf6 4. Bb5 Bd6 5. a3 O-O 6. d3 Re8 7. Bc4 h6 8. g4 b5 9. Nxb5 Bf8 10. g5 d5 11. exd5 e4 12. gxf6 Bg4 13. dxe4 Rxe4+ 14. Be3 Rxc4 15. fxg7 Bc5 16. dxc6 Qxd1+ 17. Rxd1 Bxf3 18. Nxc7 Rc8 19. Nd5 Bxh1 20. Bxc5 Re8+ 21. Be3 Rxc6 22. c4 Kxg7 23. Rd4 Re4 24. Rxe4 Bxe4 25. Bxa7 Rxc4 26. Nc3 Bc6 27. Ke2 Kf6 28. Kd3 Rh4 29. Bb8 Ke6 30. b4 f5 31. b5 Bd7 32. a4 Rxa4 33. Nxa4 Bxb5+ 34. Ke3 Bxa4 35. Bf4 h5 36. h4 Be8 37. Bg5 Ba4 38. Bf4 Bd1 39. Bg5 Ba4 40. Bf4 1/2-1/2


[Site "https://www.chess.com"]

[Event "Titled Tuesday Blitz July 26 Early 2022"]
[White "Wagner, Dennis"]
[Black "Mikhailovsky, Vladimir"]
[WhiteFideId "24650684"]
[BlackFideId "34105414"]
[WhiteElo "2355"]
[BlackElo "2303"]
[Result "1-0"]
[Round "04"]
[TimeControl "180+1"]
[Date "2022.07.26"]
[WhiteClock "0:00:12"]
[BlackClock "0:00:16"]

1. e4 Nf6 2. e5 Nd5 3. d4 d6 4. Nf3 dxe5 5. Nxe5 c6 6. Be2 Bf5 7. O-O Nd7 8. Nf3 e6 9. a3 Bd6 10. c4 N5f6 11. Nc3 O-O 12. h3 h6 13. Bd3 Bxd3 14. Qxd3 Qc7 15. Re1 a6 16. b4 Rad8 17. c5 Bf4 18. Bxf4 Qxf4 19. g3 Qc7 20. Qe2 Rfe8 21. Rad1 Re7 22. Kg2 Rde8 23. Ne5 Nd5 24. Qf3 Nxc3 25. Qxc3 Nf6 26. Nc4 Rd8 27. Qf3 Red7 28. Qe3 Nd5 29. Qf3 Ne7 30. Ne5 Nf5 31. Nxd7 Rxd7 32. Qe4 Qd8 33. Rd3 Rd5 34. Red1 h5 35. Qf4 g6 36. R1d2 e5 37. Qe4 Nxd4 38. f4 Nf5 39. Rxd5 cxd5 40. Qxe5 d4 41. Kh2 Qd7 42. g4 hxg4 43. hxg4 Nh6 44. Qxd4 Qxg4 45. Qd8+ Kh7 46. Qg5 Qf3 47. Rg2 Nf5 48. Qg4 Qxa3 49. Qh3+ Kg7 50. Qxa3 1-0


[Site "https://www.chess.com"]

[Event "Titled Tuesday Blitz July 26 Early 2022"]
[White "Wieczorek, Oskar"]
[Black "Ronka, Erik"]
[WhiteFideId "1133950"]
[BlackFideId "505080"]
[WhiteElo "2330"]
[BlackElo "2264"]
[Result "0-1"]
[Round "04"]
[TimeControl "180+1"]
[Date "2022.07.27"]
[WhiteClock "0:00:01"]
[BlackClock "0:00:20"]

1. e4 c5 2. Nf3 e6 3. b3 a6 4. Bb2 Nc6 5. c4 Nf6 6. Nc3 d5 7. cxd5 exd5 8. exd5 Nxd5 9. Nxd5 Qxd5 10. Bc4 Qh5 11. O-O Bg4 12. Re1+ Be7 13. d4 Bxf3 14. Qxf3 Qxf3 15. gxf3 Nxd4 16. Bxd4 cxd4 17. Bd5 Ra7 18. Rac1 Kd8 19. Bxf7 b5 20. Rc6 Kd7 21. Rce6 Bf6 22. Be8+ Kd8 23. a4 bxa4 24. bxa4 Re7 25. Rxe7 Bxe7 26. Bf7 Kd7 27. Bc4 a5 28. Bd3 Rb8 29. Bxh7 Rb4 30. Bd3 Kd6 31. Bb5 Bf6 32. Rc1 Ke5 33. Rc5+ Kf4 34. Kg2 Be5 35. Rc8 Rb3 36. Rf8+ Bf6 37. h4 d3 38. Rf7 d2 39. Rd7 Bc3 40. Rd3 Rb1 41. Rxc3 d1=Q 42. Rc4+ Ke5 43. Re4+ Kf6 44. Rf4+ Ke7 45. Re4+ Kd6 0-1


[Site "https://www.chess.com"]

[Event "Titled Tuesday Blitz July 26 Early 2022"]
[White "Williams, Simon K"]
[Black "Foerster-Yialamas, Lucas"]
[WhiteFideId "404454"]
[BlackFideId "30901774"]
[WhiteElo "2468"]
[BlackElo "1744"]
[Result "1-0"]
[Round "04"]
[TimeControl "180+1"]
[Date "2022.07.27"]
[WhiteClock "0:00:11"]
[BlackClock "0:00:35"]

1. d4 g6 2. h4 Nf6 3. c4 b6 4. Nc3 d5 5. h5 Nxh5 6. cxd5 Bg7 7. e4 Bb7 8. g4 Nf6 9. g5 Nfd7 10. e5 c5 11. f4 cxd4 12. Qxd4 Nc5 13. Nf3 Ne6 14. Bb5+ Kf8 15. Qd1 a6 16. Ba4 b5 17. Bb3 Nc5 18. Be3 Nbd7 19. Kf2 Rc8 20. Bd4 b4 21. Ne2 Ne4+ 22. Kg2 Ndc5 23. Bxc5 Nxc5 24. Bc4 Ne4 25. b3 Qb6 26. Qd4 Qxd4 27. Nexd4 e6 28. d6 Nd2 29. Kg3 Nxc4 30. bxc4 Rxc4 31. Rac1 Rc3 32. Rxc3 bxc3 33. Rb1 c2 34. Rxb7 Bxe5 35. Nxc2 Bxd6 36. Rd7 Bc5 37. Ne5 Be7 38. Nd4 Ke8 39. Ra7 Bc5 40. Ra8+ Ke7 41. Ndc6+ Kd6 42. Rxh8 Kd5 43. Rd8+ Ke4 44. Nxf7 a5 45. a4 Kf5 46. Nfe5 Bb6 47. Rb8 Be3 48. Rb5 Ke4 49. Ng4 Bxf4+ 50. Kh4 Bd2 51. Nf6+ Kf4 52. Rc5 Be1+ 53. Kh3 Bf2 54. Rxa5 e5 55. Nxe5 Be1 56. Nd3+ Kf3 57. Nxe1+ Kf4 58. Ng2+ Kf3 59. Nxh7 Kf2 60. Ra6 Kg1 61. Rxg6 Kh1 62. a5 Kg1 63. a6 Kh1 64. Kg3 Kg1 65. Rb6 Kf1 66. Nf4 Ke1 67. g6 Kd2 68. g7 Ke1 69. g8=Q Kd2 70. Nh5 Ke3 71. Ng7 Kd4 72. Qc8 Ke5 73. Qc7+ Ke4 74. Nh5 Ke3 75. Nf4 Kd4 76. Ng2 Ke4 77. Ng5+ Kd3 78. Nh3 Ke2 79. Rd6 Kf1 80. Qf7+ Ke2 81. Qe7+ Kf1 82. Rf6# 1-0


[Site "https://www.chess.com"]

[Event "Titled Tuesday Blitz July 26 Early 2022"]
[White "Yaniuk, Volodymyr"]
[Black "Peiris, T G M"]
[WhiteFideId "14133083"]
[BlackFideId "9901310"]
[WhiteElo "2141"]
[BlackElo "2022"]
[Result "1-0"]
[Round "04"]
[TimeControl "180+1"]
[Date "2022.07.27"]
[WhiteClock "0:00:06"]
[BlackClock "0:00:10"]

1. d4 Nf6 2. Bf4 e6 3. e3 b6 4. Nf3 Bb7 5. Be2 Be7 6. O-O O-O 7. h3 d6 8. c4 Nbd7 9. Nc3 a6 10. Qc2 Re8 11. Rfd1 Nf8 12. e4 Ng6 13. Bh2 Qc8 14. e5 Nd7 15. Ne4 dxe5 16. dxe5 Bc6 17. Nd4 Bb7 18. f4 Nc5 19. Nc3 a5 20. Kh1 Kh8 21. Rd2 f6 22. Bh5 f5 23. Bf3 Rd8 24. Nc6 Rxd2 25. Qxd2 Bf8 26. Rd1 Nh4 27. Nd4 Nxf3 28. Nxf3 Ne4 29. Nxe4 Bxe4 30. Ng5 Bc6 31. Bg1 h6 32. Nf3 Qb7 33. Qf2 Be7 34. Nd4 Be4 35. Nxe6 Qc6 36. Nd4 Qxc4 37. Nf3 Rd8 38. Rxd8+ Bxd8 39. Qd4 Qg8 40. b3 Be7 41. Nd2 Bb7 42. Kh2 Qe6 43. Nf3 Qg6 44. Qd7 Bxf3 45. gxf3 Bh4 46. Kh1 Qg3 47. Qc8+ Kh7 48. Qxf5+ Kg8 49. Qe6+ Kh8 50. Qg4 Qe1 51. e6 Bf6 52. f5 Kg8 53. Kg2 Qd2+ 54. Kh1 Qxa2 55. Qc4 Qa3 56. e7+ Kh7 57. e8=Q Qb2 58. Qg6+ Kh8 59. Qcf7 Qa3 60. Qe8+ 1-0


[Site "https://www.chess.com"]

[Event "Titled Tuesday Blitz July 26 Early 2022"]
[White "Yeremyan, Alen"]
[Black "Rios Escobar, Adan"]
[WhiteFideId "13308998"]
[BlackFideId "3403645"]
[WhiteElo "2158"]
[BlackElo "2418"]
[Result "1-0"]
[Round "04"]
[TimeControl "180+1"]
[Date "2022.07.27"]
[WhiteClock "0:00:17"]
[BlackClock "0:00:06"]

1. e4 c5 2. Nc3 d6 3. Nge2 g6 4. d4 cxd4 5. Qxd4 Nf6 6. b3 Nc6 7. Qd2 h5 8. Bb2 Bh6 9. f4 O-O 10. O-O-O e5 11. g3 Bg4 12. Bg2 Nd4 13. Rhf1 Rc8 14. Nxd4 Bxd1 15. Rxd1 exd4 16. Qxd4 Bg7 17. Qxd6 Qxd6 18. Rxd6 Ne8 19. Rd3 Nc7 20. e5 b6 21. Ne4 Ne6 22. Rd7 Rc7 23. Rd2 Nc5 24. Nxc5 bxc5 25. c4 f6 26. Bd5+ Kh7 27. e6 f5 28. Ba3 Re8 29. Kc2 Bf8 30. Bb2 Bg7 31. Ba3 Bf6 32. Re2 Kg7 33. Kd3 Kf8 34. Re1 a5 35. h3 Ke7 36. g4 hxg4 37. hxg4 Rh8 38. gxf5 gxf5 39. Re2 Rh3+ 40. Kd2 Bd4 41. Kd1 Kd6 42. Bc1 Rg7 43. Bd2 Rh1+ 44. Kc2 Rh3 45. Kd1 Rh4 46. Bxa5 Rxf4 47. Bd8 Rf1+ 48. Kd2 Rgg1 49. b4 Rd1+ 50. Kc2 Rb1 51. bxc5+ Kxc5 52. Be7+ Kb6 53. Ba3 Rge1 54. Rxe1 Rxe1 55. e7 Bf6 56. Kd2 Re5 57. Bb2 Rxe7 58. Bxf6 Rd7 59. Bd4+ Kc7 60. Kc3 Kd6 61. a4 Rc7 62. a5 f4 63. a6 Rc8 64. a7 Kc7 65. a8=Q Rxa8 66. Bxa8 Kd6 67. Bf3 Ke6 68. Kd3 Kf5 69. c5 Ke6 70. c6 Kd6 71. Ke4 Kc7 72. Kxf4 Kd6 73. Be5+ Ke6 74. c7 Kd7 75. Bb7 Ke7 76. c8=Q Kf7 77. Bd5+ Kg6 78. Qf5+ Kh6 79. Qg5+ Kh7 80. Qg7# 1-0


[Site "https://www.chess.com"]

[Event "Titled Tuesday Blitz July 26 Early 2022"]
[White "Yuan, Qingyu"]
[Black "Bekturov, Tamerlan"]
[WhiteFideId "8609772"]
[BlackFideId "13710184"]
[WhiteElo "2359"]
[BlackElo "2128"]
[Result "1-0"]
[Round "04"]
[TimeControl "180+1"]
[Date "2022.07.26"]
[WhiteClock "0:01:12"]
[BlackClock "0:00:11"]

1. e4 e5 2. Nf3 Nc6 3. Bc4 Nf6 4. d3 Bc5 5. Bg5 h6 6. Bh4 d6 7. c3 a6 8. Nbd2 Ba7 9. a4 g5 10. Bg3 Qe7 11. b4 Rg8 12. Rb1 Nd8 13. O-O Be6 14. Kh1 Bxc4 15. Nxc4 Ne6 16. b5 Nd7 17. d4 f6 18. bxa6 bxa6 19. Ne3 h5 20. h4 g4 21. Nf5 Qd8 22. Ne1 Ndf8 23. Nc2 1-0


[Site "https://www.chess.com"]

[Event "Titled Tuesday Blitz July 26 Early 2022"]
[White "Zhigalko, Sergei"]
[Black "Lubbe, Nikolas"]
[WhiteFideId "13502956"]
[BlackFideId "4694031"]
[WhiteElo "2662"]
[BlackElo "2447"]
[Result "0-1"]
[Round "04"]
[TimeControl "180+1"]
[Date "2022.07.26"]
[WhiteClock "0:00:02"]
[BlackClock "0:00:06"]

1. e4 c5 2. Nf3 e6 3. c3 Nf6 4. e5 Nd5 5. Bc4 d6 6. d4 cxd4 7. cxd4 Nc6 8. O-O Nb6 9. Bd3 Be7 10. Nc3 Bd7 11. a3 dxe5 12. dxe5 Nd5 13. Nxd5 exd5 14. Qb3 Na5 15. Qd1 O-O 16. Nd4 Nc6 17. Nxc6 bxc6 18. Be3 c5 19. Qc2 d4 20. Bd2 g6 21. f4 Rc8 22. b3 f5 23. exf6 Bxf6 24. Rae1 Re8 25. f5 g5 26. Qc4+ Kg7 27. Qd5 Rxe1 28. Rxe1 Be8 29. Qb7+ Rc7 30. Qa6 Bf7 31. Ba5 Bxb3 32. Bxc7 Qxc7 33. Bc4 Bc2 34. Qe6 d3 35. Qg8+ Kh6 36. Re6 Qb6 37. h3 d2 38. Kh2 d1=Q 39. Qf8+ Kh5 40. Rxb6 Be5+ 41. g3 Qd2+ 42. Kh1 Be4+ 0-1


[Site "https://www.chess.com"]

[Event "Titled Tuesday Blitz July 26 Early 2022"]
[White "Abdyzhapar, Asylbek"]
[Black "Makarian, Rudik"]
[WhiteFideId "13800337"]
[BlackFideId "44105681"]
[WhiteElo "2323"]
[BlackElo "2403"]
[Result "1-0"]
[Round "05"]
[TimeControl "180+1"]
[Date "2022.07.26"]
[WhiteClock "0:00:17"]
[BlackClock "0:00:03"]

1. d4 Nf6 2. c4 c5 3. d5 g6 4. Nc3 Bg7 5. e4 d6 6. f4 O-O 7. Nf3 Bg4 8. Be2 e6 9. Nd2 Bxe2 10. Qxe2 Re8 11. O-O exd5 12. cxd5 Nxe4 13. Ncxe4 f5 14. Qf3 fxe4 15. Nxe4 Qe7 16. Ng5 Qe2 17. Ne6 Qxf3 18. Rxf3 Na6 19. Bd2 b5 20. Rb1 b4 21. f5 Be5 22. f6 Rf8 23. Nxf8 Rxf8 24. b3 Kf7 25. g4 Nc7 26. g5 Nxd5 27. Rd3 Nc3 28. Re1 Nxa2 29. Rxe5 dxe5 30. Rd7+ Ke6 31. Rxa7 Nc3 32. Be3 c4 33. bxc4 Rb8 34. f7 b3 35. Rb7 Rf8 36. Rxb3 Ne2+ 37. Kf2 Nd4 38. Rb6+ Ke7 39. Rb7+ Ke6 40. Bxd4 exd4 41. Ke2 Kf5 42. h4 Kg4 43. c5 Kxh4 44. c6 Kxg5 45. c7 1-0


[Site "https://www.chess.com"]